 Dungeon Crawl Stone Soup version 0.29.0-4-gdea44cf6ec (webtiles) character file.

Game seed: 6123708430093886425

1606 qw the Cleaver (level 8, 0/48 HPs)
             Began as a Tengu Warper on Aug 28, 2022.
             Succumbed to Dowan's poison
             ... on level 6 of the Dungeon.
             The game lasted 00:00:36 (6655 turns).

qw the Cleaver (Tengu Warper)                       Turns: 6655, Time: 00:00:37

Health: 0/48       AC: 16    Str: 14    XL:     8   Next: 94%
Magic:  12/12      EV:  8    Int: 12    God:
Gold:   324        SH:  0    Dex: 13    Spells: 11/11 levels left

rFire   . . .      SeeInvis .   Y - +2 war axe
rCold   . . .      Faith    .   (no shield)
rNeg    . . .      Spirit   .   h - +0 chain mail
rPois   .          Reflect  .   (helmet restricted)
rElec   .          Harm     .   m - +2 cloak
rCorr   .          Rampage  .   k - +2 pair of gloves
Will    .....                   (boots unavailable)
Stlth   ..........              (no amulet)
HPRegen 0.16/turn               (no ring)
MPRegen 0.13/turn               (no ring)

@: lethally poisoned (0 -> -23), about to teleport, flying quickly and
evasively, quick
A: beak, talons 3, nimble flight, dopey 1
a: no special abilities


You were on level 6 of the Dungeon.
You visited 1 branch of the dungeon, and saw 6 of its levels.

You collected 324 gold pieces.


Innate Abilities, Weirdness & Mutations

You have a beak for a mouth.
You have claws for feet.
Your magical nature lets you fly swiftly and evasively.
You are dopey. (Int -2)


   Skills:
 + Level 4.6 Fighting
 - Level 10.1 Axes
 - Level 1.0 Throwing
 - Level 4.9 Armour
 - Level 2.1 Dodging
 - Level 2.0 Spellcasting
 - Level 2.4 Translocations


You had 11 spell levels left.
You didn't know any spells.
Your spell library contained the following spells:

 Spells                   Type           Power      Damage    Failure   Level
 Blink                    Tloc           12%        N/A       97%         2
 Gell's Gravitas          Tloc           6%         N/A       100%        3
 Lesser Beckoning         Tloc           6%         N/A       100%        3
 Teleport Other           Tloc           6%         N/A       100%        3
 Manifold Assault         Tloc           6%         N/A       100%        5

Inventory:

Hand Weapons
 b - a +0 flail
 Y - a +2 war axe (weapon)
Armour
 h - a +0 chain mail (worn)
 k - a +2 pair of gloves (worn)
 m - a +2 cloak (worn)
Scrolls
 a - a scroll of teleportation
 c - a scroll of identify
 f - a scroll of enchant armour
Potions
 e - a potion of mutation
 g - a potion of curing

Dungeon Overview and Level Annotations

Branches:
Dungeon (6/15)
 Temple: D:4-7

Altars:
Fedhas
Qazlal
Sif Muna
Trog
Xom

Shops:
D:2 !

Annotations:
D:6 Dowan


Message History

You hit Dowan.
Dowan is moderately wounded.
You feel sick. Dowan barely misses you.
You hit Dowan but do no damage. You claw Dowan, but do no damage.
Your peck misses Dowan.
Dowan is moderately wounded.
You feel sick. Dowan barely misses you. Dowan hits you but does no damage.
You are more poisoned.
You hit Dowan. Your kick misses Dowan.
Dowan is heavily wounded.
You feel very sick. Dowan hits you but does no damage.
You are more poisoned.
You barely miss Dowan. Your kick misses Dowan. You peck Dowan.
Dowan is heavily wounded.
You feel very sick. Dowan closely misses you.
Dowan hits you but does no damage.
You hit Dowan.
Dowan is severely wounded.
You feel very sick.
Dowan gestures wildly while chanting.
Dowan blinks!
You feel sick.
Dowan hits you with a +5 dagger of venom.
You are lethally poisoned!
Dowan casts a spell at you. The shard of ice misses you.
You closely miss Dowan. Your kick misses Dowan.
Dowan is severely wounded.
You feel very sick.
Dowan hits you with a +5 dagger of venom.
You are more poisoned.
6654 ||| READING 2 scrolls of teleportation.
As you read the scroll of teleportation, it crumbles to dust.
You feel strangely unstable.
You feel extremely sick. Dowan hits you but does no damage.
Dowan mumbles some strange words.
Dowan blinks!
You die...

#.# #.##..........# #.
#.#
##....################
#.#
##......###............
#.##
#...##...'..###########
...#####
#..###...#####/$# #
.#.....####...###..#
##[[! ?[
....#.........##..ยค#
##.}. .}.
....#..#####......##
....?..
....#..######...@##
...F...
...........##.e..##
.}.F.}.
....#......#......##
#.#####..##...##...#
#.# ##.###..###...# #.#
#..# #...###..' #.#
#..###...##...##
#.####...###......##
#..........##....##


You could see Dowan (fast).

Vanquished Creatures
  A shadow (D:6)
  Menkaure (D:6)
  Duvessa (D:6)
  A water moccasin (D:6)
  2 black bears
  2 ice beasts
  An ogre (D:5)
  A centaur (D:5)
  A kobold brigand (D:6)
  A bullfrog (D:6)
  A scorpion (D:4)
  A jelly (D:5)
  An orc priest (D:6)
  2 hounds
  2 iguanas (D:5)
  2 orc wizards
  11 adders
  A white imp (D:3)
  An ufetubus (D:4)
  2 worms
  A dart slug (D:2)
  10 orcs
  11 endoplasms
  3 giant cockroaches
  6 goblins
  6 hobgoblins
  11 kobolds
  5 quokkas
  3 ball pythons
  3 bats
  3 frilled lizards
  5 rats
103 creatures vanquished.

Notes
Turn   | Place    | Note
-------+----------+-------------------------------------------
     0 | D:1      | qw the Tengu Warper began the quest for the Orb.
     0 | D:1      | Reached XP level 1. HP: 12/12 MP: 4/4
     0 | D:1      | 0 ||| qw: Version: 0.1-a-89-g26bdef1
     0 | D:1      | 0 ||| qw: Game counter: 1174
     0 | D:1      | 0 ||| qw: Always use a shield: true
     0 | D:1      | 0 ||| qw: God list: Okawaru
     0 | D:1      | 0 ||| qw: Allow faded altars: false
     0 | D:1      | 0 ||| qw: Do Orc after D:15 true
     0 | D:1      | 0 ||| qw: Do second Lair branch before Depths: true
     0 | D:1      | 0 ||| qw: Lair rune preference: random
     0 | D:1      | 0 ||| qw: Plans: Normal
     0 | D:1      | 0 ||| PLANNING D:1-11
    78 | D:1      | 78 ||| Stepping ~*~*~tactically~*~*~ (stealth).
    80 | D:1      | 80 ||| Stepping ~*~*~tactically~*~*~ (stealth).
   175 | D:1      | 175 ||| Stepping ~*~*~tactically~*~*~ (stealth).
   194 | D:1      | Reached XP level 2. HP: 15/17 MP: 6/6
   284 | D:1      | Found a faded altar of an unknown god.
   355 | D:1      | Reached skill level 3 in Axes
   615 | D:1      | 615 ||| Stepping ~*~*~tactically~*~*~ (stealth).
   806 | D:1      | 806 ||| UPGRADING to +0 chain mail.
   816 | D:1      | 816 ||| DROPPING +0 leather armour.
   817 | D:1      | 817 ||| UPGRADING to +2 pair of gloves.
   822 | D:1      | 822 ||| READING 3 scrolls labelled PUAWIZX KENIX.
   825 | D:1      | 825 ||| READING 2 scrolls labelled GURCHO GUSMIDGH.
   826 | D:1      | 826 ||| READING scroll labelled VUGIOMP FAOPH.
   827 | D:1      | 827 ||| READING scroll labelled LYANGO MAUDDO.
   828 | D:1      | 828 ||| READING scroll labelled RUKION BYTZI.
   829 | D:1      | 829 ||| DROPPING scroll of blinking.
   830 | D:1      | 830 ||| DROPPING scroll of fear.
   851 | D:2      | 851 ||| STAIRDANCE
   868 | D:2      | 868 ||| STAIRDANCE
  1145 | D:2      | Found a stormy altar of Qazlal.
  1226 | D:2      | Reached XP level 3. HP: 13/21 MP: 7/7
  1402 | D:2      | Found Nocsuuf's Distillery.
  1416 | D:2      | 1416 ||| SHOPLISTING potion of haste (100 gold, have 28).
  1416 | D:2      | 1416 ||| SHOPLISTING potion of heal wounds (50 gold, have
                  | 28).
  1474 | D:2      | Reached skill level 4 in Axes
  1483 | D:2      | 1483 ||| Stepping ~*~*~tactically~*~*~ (stealth).
  1537 | D:2      | 1537 ||| Stepping ~*~*~tactically~*~*~ (stealth).
  1819 | D:2      | 1819 ||| Stepping ~*~*~tactically~*~*~ (hiding).
  1840 | D:2      | Reached XP level 4. HP: 12/26 MP: 8/8
  2172 | D:2      | 2172 ||| READING scroll labelled NABROU MADI.
  2173 | D:2      | 2173 ||| READING scroll labelled ARYLYR HUASUE.
  2174 | D:2      | 2174 ||| DRINKING 2 grey potions.
  2175 | D:2      | 2175 ||| READING 5 scrolls of teleportation.
  2241 | D:3      | 2241 ||| Stepping ~*~*~tactically~*~*~ (hiding).
  2244 | D:3      | 2244 ||| Stepping ~*~*~tactically~*~*~ (hiding).
  2257 | D:3      | Reached skill level 5 in Axes
  2338 | D:3      | Found a blossoming altar of Fedhas.
  2479 | D:3      | 2479 ||| SWAPPING to +0 war axe.
  2480 | D:3      | 2480 ||| DROPPING +1 hand axe.
  2531 | D:3      | Found a bloodstained altar of Trog.
  2731 | D:3      | Noticed an ice beast
  2740 | D:3      | Killed an ice beast
  2741 | D:3      | Reached skill level 3 in Armour
  2741 | D:3      | Gained mutation: Your magical nature lets you fly swiftly
                  | and evasively. [Tengu growth]
  2741 | D:3      | Reached XP level 5. HP: 8/30 MP: 9/9
  2966 | D:3      | 2966 ||| UPGRADING to +1 cloak.
  2971 | D:3      | 2971 ||| READING scroll labelled BONTEY PIHA.
  2972 | D:3      | 2972 ||| DRINKING 2 dark potions.
  2972 | D:3      | Gained mutation: You are dopey. (Int -2) [potion of
                  | mutation]
  3016 | D:4      | 3016 ||| Stepping ~*~*~tactically~*~*~ (stealth).
  3018 | D:4      | 3018 ||| Stepping ~*~*~tactically~*~*~ (stealth).
  3021 | D:4      | 3021 ||| Stepping ~*~*~tactically~*~*~ (stealth).
  3033 | D:4      | HP: 5/30 [something (4)]
  3035 | D:4      | 3035 ||| DRINKING 2 potions of heal wounds.
  3122 | D:4      | 3122 ||| DROPPING +0 whip.
  3198 | D:4      | Reached XP level 6. HP: 35/35 MP: 10/10
  3318 | D:4      | Reached skill level 6 in Axes
  3383 | D:4      | Identified the +7 whip "Usompif" {vorpal, Dex+4}
  3385 | D:4      | 3385 ||| DROPPING +7 whip "Usompif" {vorpal, Dex+4}.
  3453 | D:4      | Found a shimmering altar of Xom.
  3805 | D:4      | 3805 ||| READING scroll of enchant armour.
  3805 | D:4      | 3805 ||| ENCHANTING +1 cloak.
  3808 | D:4      | 3808 ||| READING scroll of enchant weapon.
  3808 | D:4      | 3808 ||| ENCHANTING +0 war axe.
  3874 | D:4      | 3874 ||| READING scroll labelled SEZINA FOUPSON.
  3875 | D:4      | 3875 ||| READING 2 scrolls of identify.
  3875 | D:4      | 3875 ||| IDENTIFYING bubbling sapphire potion
  3876 | D:4      | 3876 ||| DROPPING potion of attraction.
  3889 | D:5      | Entered Level 5 of the Dungeon
  3890 | D:5      | 3890 ||| PLANNING OSSUARY
  3905 | D:5      | Noticed an ice beast
  3914 | D:5      | Killed an ice beast
  3915 | D:5      | Reached skill level 7 in Axes
  3915 | D:5      | Reached XP level 7. HP: 25/40 MP: 11/11
  4006 | D:5      | 4006 ||| FLEEEEING.
  4019 | D:5      | Reached skill level 3 in Fighting
  4369 | D:5      | Reached skill level 8 in Axes
  4533 | D:5      | Found a stormy altar of Qazlal.
  4661 | D:5      | 4661 ||| RIP OSSUARY
  4729 | D:5      | 4729 ||| PLANNING D:1-11
  4811 | D:5      | 4811 ||| Stepping ~*~*~tactically~*~*~ (stealth).
  4925 | D:5      | Found a shimmering blue altar of Sif Muna.
  4939 | D:5      | Reached XP level 8. HP: 44/46 MP: 12/12
  5162 | D:5      | Identified the +1 leather armour "Lugutygiuj" {+Inv Str-4
                  | Int+2}
  5182 | D:5      | 5182 ||| READING scroll labelled AJOQEE POOB.
  5183 | D:5      | 5183 ||| READING scroll labelled INLYAKHOTH.
  5324 | D:5      | 5324 ||| READING scroll labelled KIODIPP PAHAGG.
  5325 | D:5      | 5325 ||| DRINKING 2 fizzy white potions.
  5326 | D:5      | 5326 ||| READING 3 scrolls of identify.
  5326 | D:5      | 5326 ||| IDENTIFYING cyan potion
  5327 | D:5      | 5327 ||| READING 2 scrolls of identify.
  5327 | D:5      | 5327 ||| IDENTIFYING blue potion
  5328 | D:5      | 5328 ||| DROPPING potion of flight.
  5329 | D:5      | 5329 ||| DROPPING potion of lignification.
  5470 | D:6      | Noticed Menkaure
  5478 | D:6      | Killed Menkaure
  5479 | D:6      | Reached skill level 9 in Axes
  5577 | D:6      | 5577 ||| Stepping ~*~*~tactically~*~*~ (stealth).
  6129 | D:6      | 6129 ||| READING scroll of enchant weapon.
  6129 | D:6      | 6129 ||| ENCHANTING +1 war axe.
  6223 | D:6      | Noticed Duvessa
  6230 | D:6      | Noticed Dowan
  6231 | D:6      | Noticed a shadow
  6238 | D:6      | 6238 ||| Stepping ~*~*~tactically~*~*~ (hiding).
  6242 | D:6      | HP: 12/48 [Duvessa/+4 short sword of speed (2)]
  6243 | D:6      | 6243 ||| READING 4 scrolls of teleportation.
  6244 | D:6      | 6244 ||| DRINKING 2 potions of heal wounds.
  6245 | D:6      | Killed Duvessa
  6246 | D:6      | Reached skill level 10 in Axes
  6333 | D:6      | 6333 ||| FLEEEEING.
  6334 | D:6      | 6334 ||| FLEEEEING.
  6335 | D:6      | 6335 ||| STAIRDANCE
  6472 | D:6      | HP: 8/48 [shadow (9)]
  6473 | D:6      | 6473 ||| READING 3 scrolls of teleportation.
  6474 | D:6      | 6474 ||| DRINKING potion of heal wounds.
  6475 | D:6      | Killed a shadow
  6642 | D:6      | 6642 ||| Stepping ~*~*~tactically~*~*~ (hiding).
  6653 | D:6      | HP: 11/48 [Dowan/+5 dagger of venom (5)]
  6654 | D:6      | 6654 ||| READING 2 scrolls of teleportation.
  6654 | D:6      | HP: 4/48 [poisoned by Dowan]
  6655 | D:6      | Succumbed to Dowan's poison

Levels and vault maps discovered:
D:1:      dpeg_arrival_simpleton_a, layout_rooms, shapermc_ecumenical_altar_gd
D:2:      layout_basic, serial_shops,
          nicolae_shop_temple_entry_statues_fountains, basic_altar,
          grunt_decor_junction
D:3:      layout_basic, fedhas_ov_isle_minmay,
          mainiacjoe_overflow_cross_hatched, chequers_serial_rivers_marsh
D:4:      layout_basic, lemuel_round_altar, minmay_mini_jars
D:5:      layout_basic, kennysheep_orc_sif_temple,
          nicolae_qazlal_eye_of_the_storm, enter_ossuary_5
D:6:      wad_guarded_room, layout_loops_ring, uniq_duvessa, uniq_menkaure

Skill      XL: |  1  2  3  4  5  6  7  8 |
---------------+-------------------------+-----
Axes           | 3 4 5 7 8 10 | 10.1
Armour         | 3 4 |  4.9
Fighting       | 3 4 |  4.6
Throwing       | |  1.0
Dodging        | |  2.1
Spellcasting   | |  2.0
Translocations | |  2.4

Action                   |  1- 3 |  4- 6 |  7- 9 || total
-------------------------+-------+-------+-------++-------
Melee: Hand axe          |    85 |    37 |       ||   122
       Peck              |    17 |    12 |    14 ||    43
       Kick              |    11 |    25 |    30 ||    66
       War axe           |       |    65 |   105 ||   170
       Punch             |       |     1 |     1 ||     2
Throw: Boomerang         |     7 |       |       ||     7
  Use: Scroll            |     5 |     8 |     9 ||    22
       Potion            |       |     3 |     3 ||     6
Armor: Leather armour    |     6 |       |       ||     6
       Chain mail        |    31 |    71 |    65 ||   167
Dodge: Dodged            |    27 |    44 |    43 ||   114

Table legend:
 A = Non-vault XP
 B = Vault XP
 C = Vault XP percentage of total XP
 D = Non-vault monster count
 E = Vault monster count
 F = Vault count percentage of total count
                 A         B        C        D         E       F
            +---------+---------+-------+---------+---------+-------
      Total |    1692 |     603 |  26.3 |      83 |      20 |  19.4
            +---------+---------+-------+---------+---------+-------
        D:1 |      23 |       0 |   0.0 |      13 |       0 |   0.0
        D:2 |      71 |       0 |   0.0 |      27 |       0 |   0.0
        D:3 |     177 |       0 |   0.0 |      12 |       0 |   0.0
        D:4 |     151 |      84 |  35.7 |      13 |      10 |  43.5
        D:5 |     671 |      38 |   5.4 |      12 |       2 |  14.3
        D:6 |     599 |     481 |  44.5 |       6 |       8 |  57.1
            +---------+---------+-------+---------+---------+-------
